 Dungeon Crawl Stone Soup version 0.23.1 (webtiles) character file.

Game seed: 11672851733026154297

1482 PentaManta the Slicer (level 9, -2/57 HPs)
             Began as a Kobold Artificer on Mar 14, 2019.
             Was an Initiate of Nemelex Xobeh.
             Slain by an orange demon (13 damage)
             ... summoned by the player character
             ... on level 6 of the Dungeon.
             The game lasted 00:27:50 (8596 turns).

PentaManta the Slicer (Kobold Artificer)            Turns: 8596, Time: 00:28:06

Health: -2/57      AC:  7    Str:  9    XL:     9   Next: 7%
Magic:  11/11      EV: 18    Int: 12    God:    Nemelex Xobeh [......]
Gold:   355        SH:  0    Dex: 19    Spells: 8/8 levels left

rFire    + . .     SeeInvis .   B - +2 rapier (speed)
rCold    . . .     Gourm    .   (shield restricted)
rNeg     . . .     Faith    .   b - +0 leather armour
rPois    .         Spirit   .   n - +0 helmet
rElec    .         Reflect  .   q - +0 cloak
rCorr    .         Harm     .   (no gloves)
MR       .....                  (no boots)
Stlth    ++........             (no amulet)
HPRegen  0.19/turn              i - ring of protection from fire
MPRegen  0.12/turn              (no ring)

@: no status effects
A: small, iridescent scales 1, carnivore
a: Draw Escape, Draw Destruction, Draw Summoning, Renounce Religion


You were on level 6 of the Dungeon.
You worshipped Nemelex Xobeh.
Nemelex Xobeh was noncommittal.
You were not hungry.

You visited 2 branches of the dungeon, and saw 9 of its levels.

You collected 355 gold pieces.

Inventory:

Hand Weapons
 o - a +0 hunting sling
 B - a +2 rapier of speed (weapon)
Missiles
 p - 112 stones (quivered)
Armour
 b - a +0 leather armour (worn)
 n - a +0 helmet (worn)
 q - a +0 cloak (worn)
Jewellery
 i - a ring of protection from fire (left hand)
 A - an uncursed amulet of harm
Wands
 d - a wand of enslavement (16)
 x - a wand of iceblast (3)
Scrolls
 a - a scroll of amnesia {unknown}
 h - 6 scrolls of enchant weapon
 k - 3 scrolls of fear
 l - a scroll of fog
 m - 3 scrolls of remove curse
 s - a scroll of identify
 u - 2 scrolls of enchant armour
 y - a scroll of teleportation
Potions
 e - 2 potions of might
 g - 4 potions of agility
 j - 3 potions of haste
 r - 2 potions of mutation
 t - a potion of ambrosia
 v - a potion of curing
 w - a potion of invisibility
 z - a potion of heal wounds {unknown}
 C - 2 potions of magic {unknown}
Comestibles
 c - 3 chunks of flesh
 f - 8 rations


   Skills:
 + Level 7.5 Fighting
 + Level 9.0 Short Blades
 * Level 5.7 Dodging
 - Level 1.3 Stealth
 - Level 3.6 Evocations


You had 8 spell levels left.
You didn't know any spells.
Your spell library contained the following spells:

 Spells                   Type           Power        Failure   Level  Hunger
 Beastly Appendage        Tmut           #.....       43%         1    ##.....
 Sticks to Snakes         Tmut           #.......     56%         2    ###....
 Spider Form              Tmut/Pois      #.........   80%         3    ####...
 Ice Form                 Ice/Tmut       #.......     99%         4    #####..
 Blade Hands              Tmut           #.........   100%        5    ######.


Dungeon Overview and Level Annotations

Branches:
Dungeon (8/15)             Temple (1/1) D:5
   Lair: D:8-11

Altars:
Cheibriados
Dithmenos
Elyvilon
Fedhas
Kikubaaqudgha
Makhleb
Nemelex Xobeh
Okawaru
Qazlal
Sif Muna
Uskayaw
Vehumet
Wu Jian
Yredelemnul
The Shining One

Shops:
D:4 ?   D:5 [

Annotations:
D:7 Joseph
D:8 Erica


Innate Abilities, Weirdness & Mutations

You are small and have problems with some larger weapons.
You are carnivorous and can eat meat at any time.
You are partially covered in iridescent scales. (AC +2)


Message History

The bullfrog completely misses you.
The bullfrog swells and bulges.
The bullfrog barely misses you.
The bullfrog hits you but does no damage.
PentaManta's illusion hits the yak!
The bullfrog hits you!
* * * LOW HITPOINT WARNING * * *
PentaManta's illusion barely misses the yak.
You draw a card...
You have drawn the Pentagram.
The deck of cards disappears without a trace.
The bullfrog closely misses you.
PentaManta's illusion completely misses the yak.
You swap places.
The bullfrog hits your hell hound but does no damage.
Your hell hound breathes flames at the orange demon.
The blast of flame hits the orange demon!
The bullfrog closely misses your hell hound.
PentaManta's illusion hits the yak.
The orange demon stings you from afar!
You die...
Your body disappears without a glow.

.##...##........#.......####)..#.
..........#.....#....[...##....#.
#.......####..####..............#
##............# #...#...#.......#
...#...... ....##.# ###.#.#.###.#
.###......#....#..# #....####...
(.##..# ... #....#####....# #..#
)##..## #.# #....#.......# #..#
.#....# #..###@.4........###...
....### ###...##h.#####..........
.#....###..#...#F## ##..#...#..
.##........#....Y## #..##.....#
..#............@..#####...####...
................Y..#......#.#....
.†...........>.........##........
.......................###..#....
.......................# ####....


You could see an orange demon, 2 yaks, a bullfrog, a friendly hell hound and the
friendly PentaManta's illusion.

Vanquished Creatures
  Maurice (D:8)
  Purgy (D:4)
  2 sky beasts
  A centaur (D:6)
  A crimson imp (D:5)
  2 hounds
  A bullfrog skeleton (D:5)
  A jelly (D:6)
  2 iguanas
  An orc wizard (D:3)
  7 worker ants
  10 gnolls
  9 adders
  An ooze (D:2)
  A worm (D:4)
  A dart slug (D:3)
  5 leopard geckos
  24 orcs
  8 bats
  5 giant cockroaches
  5 goblins
  7 hobgoblins
  5 jackals
  3 quokkas
  A ball python (D:2)
  11 frilled lizards
  5 kobolds
  5 rats
126 creatures vanquished.

Vanquished Creatures (others)
  An ogre (D:4)
  An orc wizard (D:5)
2 creatures vanquished.

Grand Total: 128 creatures vanquished

Notes
Turn   | Place    | Note
-------+----------+-------------------------------------------
     0 | D:1      | PentaManta the Kobold Artificer began the quest for the
                  | Orb.
     0 | D:1      | Reached XP level 1. HP: 12/12 MP: 3/3
   111 | D:1      | Reached skill level 2 in Short Blades
   112 | D:1      | Reached XP level 2. HP: 12/17 MP: 4/4
   919 | D:1      | Reached XP level 3. HP: 21/21 MP: 5/5
  1430 | D:2      | Reached skill level 3 in Short Blades
  2374 | D:3      | Reached XP level 4. HP: 23/27 MP: 6/6
  2592 | D:3      | Gained mutation: You have a pair of small antennae on your
                  | head. [potion of mutation]
  2592 | D:3      | Lost mutation: You have a pair of small antennae on your
                  | head. [potion of mutation]
  2592 | D:3      | Gained mutation: You are partially covered in iridescent
                  | scales. (AC +2) [potion of mutation]
  2596 | D:3      | Reached skill level 4 in Short Blades
  2763 | D:3      | Reached XP level 5. HP: 32/32 MP: 7/7
  3058 | D:3      | Found a burning altar of Makhleb.
  3821 | D:4      | Reached skill level 5 in Short Blades
  3930 | D:4      | Reached XP level 6. HP: 19/38 MP: 8/8
  4272 | D:4      | Found Zimm's Magic Scroll Shoppe.
  4629 | D:4      | Noticed an ogre
  4644 | D:4      | Reached skill level 6 in Short Blades
  4663 | D:4      | Reached skill level 5 in Fighting
  4663 | D:4      | Reached XP level 7. HP: 19/44 MP: 9/9
  4923 | D:4      | Found a blossoming altar of Fedhas.
  4965 | D:4      | Found a shadowy altar of Dithmenos.
  4965 | D:4      | Found a snail-covered altar of Cheibriados.
  5212 | D:4      | Noticed Purgy
  5303 | D:4      | Killed Purgy
  5303 | D:4      | Reached skill level 7 in Short Blades
  5698 | D:4      | Found a white marble altar of Elyvilon.
  6086 | D:5      | Entered Level 5 of the Dungeon
  6276 | D:5      | Reached XP level 8. HP: 51/51 MP: 10/10
  6353 | D:5      | Found Vuqil's Armour Boutique.
  6646 | D:5      | Reached skill level 8 in Short Blades
  6958 | D:5      | Found a staircase to the Ecumenical Temple.
  6982 | Temple   | Entered the Ecumenical Temple
  7182 | Temple   | Became a worshipper of Nemelex Xobeh the Trickster
  7260 | D:6      | Noticed a yak
  7261 | D:6      | Noticed a yak
  7263 | D:6      | Noticed a yak
  7264 | D:6      | Noticed a yak
  7269 | D:6      | Noticed a yak
  7269 | D:6      | Noticed a yak
  7867 | D:6      | Received a gift from Nemelex Xobeh
  8295 | D:7      | Noticed Joseph
  8521 | D:8      | Noticed Maurice
  8535 | D:8      | Killed Maurice
  8535 | D:8      | Reached skill level 9 in Short Blades
  8535 | D:8      | Reached skill level 5 in Dodging
  8535 | D:8      | Reached XP level 9. HP: 57/57 MP: 11/11
  8571 | D:8      | Noticed Erica
  8595 | D:6      | Noticed an orange demon
  8596 | D:6      | Slain by an orange demon

Skill      XL: |  1  2  3  4  5  6  7  8 |
---------------+-------------------------+-----
Short Blades   | 2 3 4 5 6 7 9 |  9.0
Fighting       | 2 3 4 5 6 7 |  7.5
Dodging        | 5 |  5.7
Stealth        | |  1.3
Evocations     | |  3.6

Action                   |  1- 3 |  4- 6 |  7- 9 || total
-------------------------+-------+-------+-------++-------
Melee: Short sword       |   158 |   286 |   213 ||   657
       Rapier            |       |       |   120 ||   120
Throw: Stone             |       |     1 |     6 ||     7
       Throwing net      |       |       |     1 ||     1
 Abil: Draw Escape       |       |       |     2 ||     2
       Draw Summoning    |       |       |     2 ||     2
Evoke: Wand              |     1 |    11 |    25 ||    37
  Use: Potion            |       |     6 |     3 ||     9
       Scroll            |       |     7 |     1 ||     8
 Stab: Sleeping          |     2 |       |       ||     2
       Held in net/web   |       |       |     1 ||     1
  Eat: Chunk             |     7 |     6 |    10 ||    23
       Ration            |     1 |       |       ||     1
Armor: Leather armour    |    39 |    41 |    47 ||   127
Dodge: Dodged            |   122 |   180 |   176 ||   478
